Map: Oxide LE

Players

A.I. 1 (Very Easy)

  • Race: Protoss Protoss
  • Spawn Location: 7:00

Drift - Winner!

  • Race: Terran Terran
  • League: Master
  • Spawn Location: 1:00

VOD

https://www.youtube.com/watch?v=XEHR0gczbcM&t=186s

Description

An upload from drift SC2's build order tutorial

Time

  • Played on: Nov. 24, 2020, 12:16 p.m.
  • Length: 11:20
Show
View Real Time Build Order
Export as new Build Order

A.I. 1 (Very Easy) Protoss 

Build Orders:  

Get SALT Encoding   

  12  0:00  Probe  
  13  0:13  Probe  
  14  0:19  Pylon  
  14  0:37  Assimilator  
  14  0:42  Gateway  
  14  0:46  Pylon  
  14  1:13  Assimilator  
  14  1:17  Probe  
  14  1:25  Probe  
  16  1:33  Probe  
  16  1:34  Cybernetics Core  
  17  1:44  Probe  
  18  1:55  Probe  
  18  2:00  Warp Gate  
  19  2:04  Probe  
  20  2:11  Stalker  
  22  5:33  Probe  
  22  5:36  Zealot  
  22  5:39  Pylon  
  22  5:41  Probe  
  22  5:42  Robotics Facility  
  25  5:49  Probe  
  27  5:57  Probe  
  28  6:05  Probe  
  28  6:06  Pylon  
  29  6:14  Probe  
  30  6:30  Zealot  
  30  6:31  Observer  
  33  6:52  Observer  
  32  7:02  Nexus  
  32  7:24  Stalker  
  34  7:43  Pylon  
  23  7:53  Pylon  
  23  7:54  Pylon  
  23  7:56  Pylon  
  19  8:07  Probe  
  19  8:18  Probe  
  18  8:26  Probe  
  13  8:35  Pylon, Probe  
  13  8:38  Gateway  
  11  8:46  Probe  
  11  8:58  Probe  
  9  9:10  Probe  
  7  9:21  Probe  
  6  9:29  Probe  
Show
View Real Time Build Order
Export as new Build Order

Drift Terran - Winner!

Build Orders: Reaper Expand 

Get SALT Encoding   

  12  0:00  SCV  
  13  0:12  SCV  
  14  0:17  Supply Depot  
  14  0:24  SCV  
  15  0:38  SCV  
  15  0:39  Barracks  
  16  0:43  Refinery  
  16  0:51  SCV  
  17  1:03  SCV  
  18  1:15  SCV  
  19  1:27  Orbital Command, Reaper  
  20  1:40  Command Center  
  20  1:52  Supply Depot  
  20  1:54  SCV  
  21  1:59  Marine  
  22  2:06  SCV  
  23  2:09  Factory  
  23  2:18  SCV  
  23  2:21  Bunker, Barracks Reactor  
  24  2:27  Refinery  
  24  2:30  SCV  
  25  2:42  SCV  
  26  2:52  Orbital Command  
  26  2:54  Hellion, SCV  
  26  2:57  Starport  
  29  2:59  Marine  
  29  3:03  Marine  
  31  3:09  SCV  
  32  3:15  Factory Tech Lab  
  32  3:17  Marine  
  33  3:21  Marine  
  33  3:22  SCV  
  33  3:25  SCV, Supply Depot  
  36  3:34  SCV  
  37  3:37  Barracks, SCV  
  37  3:40  Factory Tech Lab  
  37  3:41  Raven  
  40  3:42  Marine  
  40  3:45  Marine  
  40  3:46  SCV  
  43  3:49  SCV  
  43  3:51  Supply Depot  
  44  3:58  SCV  
  44  4:02  SCV  
  46  4:03  Marine x2, Siege Tank  
  46  4:07  Refinery  
  51  4:11  SCV  
  51  4:14  SCV  
  53  4:20  Supply Depot  
  53  4:22  Engineering Bay  
  53  4:23  Marine x2, SCV  
  56  4:26  SCV  
  56  4:28  Barracks  
  57  4:32  Stimpack  
  57  4:35  SCV  
  58  4:40  Marine  
  58  4:42  Siege Tank, Supply Depot  
  58  4:44  SCV  
  63  4:46  Marine  
  63  4:48  Marine  
  63  4:50  SCV  
  66  4:54  Terran Infantry Weapons Level 1  
  66  4:57  SCV  
  67  5:00  Marine  
  67  5:02  SCV, Supply Depot  
  67  5:04  Marine  
  70  5:08  Marine, Starport Reactor  
  70  5:09  SCV  
  70  5:12  Refinery  
  72  5:14  SCV  
  72  5:15  Supply Depot  
  73  5:23  Combat Shield  
  73  5:24  Marauder  
  73  5:25  Factory Reactor, Marauder  
  73  5:26  Marine, SCV  
  73  5:27  Marine  
  80  5:35  Supply Depot  
  80  5:38  Supply Depot  
  80  5:44  Marine  
  80  5:45  Marine  
  80  5:46  Marauder  
  80  5:47  Medivac, Marauder  
  88  5:50  Medivac  
  89  5:58  Supply Depot  
  89  6:02  Supply Depot  
  89  6:03  Marine  
  89  6:04  Marine  
  89  6:05  Widow Mine x2  
  97  6:18  Marauder x2  
  97  6:21  Marine  
  97  6:24  Supply Depot  
  98  6:30  Medivac x2  
  102  6:34  Marine  
  102  6:36  Barracks, Widow Mine x2  
  102  6:37  Barracks  
  102  6:38  Command Center  
  107  6:41  Marauder  
  107  6:42  Marauder  
  111  6:48  Marine  
  111  6:59  Marine  
  111  7:00  Widow Mine x2  
  116  7:02  Marauder  
  116  7:03  Marauder  
  116  7:04  Terran Infantry Armor Level 1, Supply Depot  
  116  7:05  Concussive Shells  
  120  7:14  SCV x2  
  122  7:17  Marine x2  
  122  7:19  Medivac  
  122  7:20  Medivac  
  128  7:23  Widow Mine  
  128  7:24  Marauder  
  128  7:26  SCV x2  
  134  7:30  Marauder  
  134  7:32  Barracks Tech Lab, Barracks Reactor  
  134  7:36  Marine  
  137  7:38  Marine, SCV x2  
  140  7:45  Marauder  
  140  7:50  SCV  
  140  7:51  SCV  
  144  7:52  Engineering Bay, Armory  
  144  7:54  Orbital Command  
  144  7:58  Supply Depot  
  145  8:00  Marine  
  145  8:01  Marauder x2  
  145  8:04  Viking  
  151  8:06  SCV  
  151  8:07  SCV  
  151  8:11  Viking  
  155  8:13  Marine  
  155  8:14  Marine  
  155  8:19  Marine  
  160  8:20  SCV x2, Supply Depot  
  160  8:21  Marine  
  160  8:22  Marauder  
  160  8:23  Marine  
  160  8:24  Supply Depot  
  160  8:25  Marauder  
  166  8:32  Ghost Academy  
  166  8:33  Widow Mine  
  168  8:35  SCV  
  168  8:36  SCV x2  
  173  8:41  Marauder  
  173  8:42  Viking  
  173  8:47  SCV, Viking  
  173  8:48  SCV x2  
  180  8:58  Terran Infantry Armor Level 2, Terran Infantry Weapons Level 2  
  180  9:03  Refinery x2  
  180  9:04  SCV x2  
  180  9:08  Ghost  
  184  9:23  Ghost, Command Center  
  186  9:29  Viking  
  188  9:35  Supply Depot  
  188  9:36  Viking, Supply Depot  
  188  9:38  Ghost  
  192  9:48  Ghost  
  192  9:49  SCV x2  
  192  9:50  SCV  
  197  9:58  Sensor Tower  
  197  10:01  SCV  
  197  10:02  Barracks x2  
  197  10:04  Barracks  
  198  10:07  Ghost  
  200  10:25  Missile Turret  
  200  10:32  Refinery, Missile Turret x2  
  200  10:33  Missile Turret x2  
  200  10:36  Refinery  
  200  10:38  Missile Turret  
  200  10:40  Starport  
  200  10:43  Fusion Core  
  200  10:49  Starport  
  200  10:52  Barracks Tech Lab x2  
  200  10:53  Barracks Reactor  
  200  11:09  Command Center  
  200  11:12  Command Center  
Tags
 
League
Master
Matchup
PvT
Spawn Locations
Cross Positions
Add a new tag
Caveats
  • Supply blocks, unpowered buildings, or Contaminate may cause inaccurate times.
  • Supply counts are checked every 10 seconds.